 Dungeon Crawl Stone Soup version 0.17.0-18-gaab0e96 (webtiles) character file.

14154 McCoppin the Archer (level 11, 0/92 HPs)
             Began as a Centaur Hunter on Nov 11, 2015.
             Was a Priest of Cheibriados.
             Killed from afar by an ice statue (12 damage)
             ... with a shard of ice
             ... in an ice cave.
             The game lasted 01:24:32 (18205 turns).

McCoppin the Archer (Centaur Hunter)               Turns: 18205, Time: 01:24:33

Health: 0/92       AC: 11    Str: 29    XL:     11   Next: 85%
Magic:  6/18       EV: 11    Int: 17    God:    Cheibriados [***...]
Gold:   534        SH:  0    Dex: 18    Spells: 0 memorised, 10 levels left

rFire  . . .     SeeInvis .     c - +0 whip (elec)
rCold  . . .     Clarity  +     k - +2 scale mail of Heresy {Str+5}
rNeg   + . .     SustAt   .     (no shield)
rPois  .         Gourm    .     X - +2 hat
rElec  .         Spirit   .     o - +0 cloak
rCorr  .         Warding  .     (no gloves)
rMut   .         Stasis   .     (no barding)
MR     .....                    h - amulet of clarity
Stlth  ..........               I - ring of positive energy
                                r - +1 ring of evasion

@: about to teleport, very slow, not resistant to hostile enchantments,
extremely unstealthy
A: hooves 3, deformed body, speed 2, tough skin 3
a: Bend Time, Temporal Distortion, Renounce Religion


You were in an ice cave.
You worshipped Cheibriados.
Cheibriados was most pleased with you.
You were not hungry.

You visited 3 branches of the dungeon, and saw 12 of its levels.
You also visited: Ice Cave.

You collected 619 gold pieces.
You spent 85 gold pieces at shops.

Inventory:

Hand Weapons
 a - a +1 hand crossbow
 b - a +2 dagger of venom
 c - a +0 whip of electrocution (weapon)
 e - a +0 shortbow
 W - a +0 blowgun
Missiles
 l - 7 curare-tipped needles
 n - 53 poisoned needles
 D - a bolt
Armour
 k - the +2 scale mail of Heresy (worn) {Str+5}
   (You found it on level 10 of the Dungeon)

   It affects your strength (+5).
 o - a +0 cloak (worn)
 X - a +2 hat (worn)
Jewellery
 h - an amulet of clarity (around neck)
 r - a +1 ring of evasion (left hand)
 z - an uncursed ring of invisibility
 I - a ring of positive energy (right hand)
 U - an uncursed ring of magical power
Wands
 d - a wand of confusion (28)
 i - a wand of slowing (15)
 p - a wand of slowing (17)
 y - a wand of magic darts (15)
 F - a wand of paralysis (11)
 L - a wand of fireball (0)
 O - a wand of draining (9)
Scrolls
 g - 5 scrolls of teleportation
 m - 7 scrolls of remove curse
 q - 2 scrolls of immolation {unknown}
 s - 2 scrolls of noise
 v - 3 scrolls of enchant armour {unknown}
 A - a scroll of recharging
Potions
 x - 2 potions of agility
 B - a potion of lignification
 T - a potion of brilliance
Comestibles
 w - 2 beef jerkies
 Q - a bread ration
 Z - 8 royal jellies


   Skills:
 - Level 7.1 Fighting
 - Level 14.5 Bows
 - Level 12.1 Crossbows
 - Level 3.0 Armour
 - Level 3.1 Dodging
 - Level 0.5 Stealth
 + Level 9.7 Invocations


You had 10 spell levels left.
You didn't know any spells.

Dungeon Overview and Level Annotations

Branches:
Dungeon (10/15)            Temple (1/1) D:5            Lair (1/8) D:10
    Orc (0/4) D:9

Altars:
Ashenzari
Cheibriados
Dithmenos
Elyvilon
Fedhas
Gozag
Kikubaaqudgha
Makhleb
Nemelex Xobeh
Ru
Sif Muna
Trog
Vehumet
Xom
Yredelemnul
Zin
The Shining One
Beogh

Shops:
D:6 *   D:7 !

Annotations:
D:6 exclusion: upstairs
D:10 exclusion: oklob plant IceCv exclusion: 2 ice statues


Innate Abilities, Weirdness & Mutations

You have hooves in place of feet.
Armour fits poorly on your strangely shaped body.
You cover ground very quickly.
You have extremely tough skin (AC +3).


Message History

As you read the scroll of teleportation, it crumbles to dust.
You feel strangely unstable.
You are engulfed in freezing vapours.
The ice beast hits you. The ice beast freezes you!
The ice statue throws ice at you. The shard of ice hits you!
* * * LOW HITPOINT WARNING * * *
Read which item? (? for menu, Esc to quit)
Okay, then.
Drink which item? (? for menu, Esc to quit)
Okay, then.
You warp the flow of time around you!
You feel somewhat more hungry.
You warp the flow of time around you!
You feel somewhat more hungry.
Cheibriados reduces the support of your attributes as your movement quickens.
There are monsters nearby!
Read which item? (? for menu, Esc to quit)
Okay, then.
You warp the flow of time around you!
You feel somewhat more hungry. The ice statue throws ice at you.
The shard of ice hits you!
You die...

### ############# ..##
##.....#(....##
...###......#.Y....##
....#.......#.......# .
....#.......#...@...#....
.∩..................8....
....#.......#.......#....
....#.......#.......# ..
...###.....)#......##
..## ##...(.#8....## ###
#############


You could see 2 ice statues and an ice beast.

Vanquished Creatures
  Josephine (D:10)
  An unseen horror (D:10)
  A hill giant (D:10)
  Pikel (D:5)
  A cyclops (D:10)
  A black mamba (Lair:1)
  Joseph (D:7)
  A spiny frog (Lair:1)
  An ice statue (IceCv)
  A gargoyle (D:10)
  Grinder (D:3)
  A two-headed ogre (D:9)
  Sigmund (D:4)
  A wyvern (Lair:1)
  6 wraiths
  10 yaks
  A hungry ghost (D:8)
  A basilisk (Lair:1)
  2 hippogriffs (D:7)
  The ghost of McCoppin the Bolt Thrower, an amateur FoHu (D:3)
  7 ice beasts
  Duvessa (D:5)
  5 orc warriors
  3 black bears
  A porcupine (Lair:1)
  A necrophage (D:9)
  2 centaurs
  3 big kobolds
  5 ogres
  3 sky beasts
  2 phantoms
  A crocodile (D:9)
  6 giant frogs
  Dowan (D:5)
  A water moccasin zombie (D:5)
  4 scorpions
  18 killer bees
  A crimson imp (D:9)
  4 hounds
  4 jellies
  A giant frog zombie (D:9)
  A quasit (D:10)
  3 wights (D:9)
  Crazy Yiuf (D:3)
  An iguana (D:4)
  7 orc priests
  A giant frog skeleton (D:4)
  A centaur skeleton (D:3)
  4 orc wizards
  8 worker ants
  A killer bee zombie (D:5)
  A hound skeleton (D:8)
  3 gnolls (D:9)
  A river rat (Lair:1)
  11 adders
  7 oozes
  An adder zombie (D:6)
  3 worms
  4 adder skeletons
  7 giant geckos
  40 orcs
  2 ball pythons (D:3)
  6 bats
  8 giant cockroaches
  5 goblins
  7 hobgoblins
  5 quokkas
  A giant gecko skeleton (D:6)
  4 giant newts
  10 jackals
  21 kobolds
  A quokka skeleton (D:7)
  8 rats
  5 plants
298 creatures vanquished.

Vanquished Creatures (others)
  An orc wizard (D:10)
  A hound zombie (D:5)
  An adder (D:5)
3 creatures vanquished.

Grand Total: 301 creatures vanquished

Notes
Turn   | Place    | Note
--------------------------------------------------------------
     0 | D:1      | McCoppin the Centaur Hunter began the quest for the Orb.
     0 | D:1      | Reached XP level 1. HP: 17/17 MP: 1/1
   161 | D:1      | Reached XP level 2. HP: 24/24 MP: 2/2
   175 | D:1      | Reached skill level 5 in Crossbows
   955 | D:2      | Reached XP level 3. HP: 26/29 MP: 3/3
   989 | D:2      | Found a shattered altar of Ashenzari.
  1069 | D:2      | Reached skill level 6 in Crossbows
  1272 | D:2      | Reached XP level 4. HP: 16/36 MP: 4/4
  1688 | D:3      | Noticed Grinder
  2116 | D:3      | Reached skill level 7 in Crossbows
  2116 | D:3      | Reached XP level 5. HP: 41/41 MP: 5/5
  2291 | D:3      | Noticed a black bear
  2339 | D:3      | Killed a black bear
  2547 | D:3      | Found a blossoming altar of Fedhas.
  2548 | D:3      | Found an ancient bone altar of Kikubaaqudgha.
  2640 | D:3      | Found a shadowy altar of Dithmenos.
  2647 | D:3      | Reached skill level 8 in Crossbows
  2661 | D:3      | Noticed McCoppin's ghost (amateur FoHu)
  2662 | D:3      | Reached XP level 6. HP: 48/48 MP: 6/6
  2672 | D:3      | Killed McCoppin's ghost
  2773 | D:3      | Paralysed by Grinder for 4 turns
  2782 | D:3      | Killed Grinder
  2782 | D:3      | Reached skill level 9 in Crossbows
  2782 | D:3      | Reached XP level 7. HP: 41/55 MP: 7/7
  2807 | D:3      | Reached skill level 12 in Bows
  2807 | D:3      | Reached XP level 8. HP: 48/61 MP: 8/8
  2987 | D:3      | Noticed Crazy Yiuf
  3027 | D:3      | Killed Crazy Yiuf
  4421 | D:5      | Entered Level 5 of the Dungeon
  4421 | D:5      | Noticed Sigmund
  4421 | D:5      | Noticed Pikel
  4437 | D:4      | Killed Sigmund
  4464 | D:5      | Killed Pikel
  4464 | D:5      | Reached XP level 9. HP: 46/73 MP: 9/9
  4582 | D:5      | Reached skill level 5 in Fighting
  4843 | D:5      | Noticed Duvessa
  4843 | D:5      | Noticed Dowan
  4883 | D:5      | Killed Duvessa
  4907 | D:5      | Killed Dowan
  5751 | D:6      | Found Gilughoxt's Assorted Antiques.
  5771 | D:6      | Bought a glowing white potion for 27 gold pieces
  5771 | D:6      | Bought a bubbling sapphire potion for 27 gold pieces
  5771 | D:6      | Bought a scroll labeled ZORALU RAFRUGH for 31 gold pieces
  5896 | D:6      | Gained mutation: You are dopey. (Int -2) [mutagenic meat]
  6126 | D:6      | Found a shattered altar of Ashenzari.
  6226 | D:6      | Found a glowing golden altar of the Shining One.
  6235 | D:6      | Found a basalt altar of Yredelemnul.
  6551 | D:6      | Noticed an angel
  6641 | D:7      | Found Zoasucoodgh's Distillery.
  6641 | D:7      | Noticed Joseph
  6663 | D:7      | HP: 1/79 [Joseph/sling bullet of flame (7)]
  7031 | D:7      | Found a sparkling altar of Nemelex Xobeh.
  7400 | D:7      | Killed Joseph
  7400 | D:7      | Reached skill level 13 in Bows
  7965 | D:7      | Found a deep blue altar of Sif Muna.
  8018 | D:7      | Found a shimmering altar of Xom.
  8081 | D:5      | Found a staircase to the Ecumenical Temple.
  8086 | Temple   | Entered the Ecumenical Temple
  8150 | Temple   | Became a worshipper of Cheibriados the Contemplative
  8319 | D:8      | Reached XP level 10. HP: 72/86 MP: 10/10
  8515 | D:8      | Found a radiant altar of Vehumet.
  8929 | D:8      | Gained mutation: Your spells are a little easier to cast, but a little less powerful. [mutagenic meat]
  8930 | D:8      | Gained mutation: You can breathe flames. [mutagenic meat]
  8931 | D:8      | Gained mutation: You are partially covered in rough black scales (AC +4, Dex -1). [mutagenic meat]
  9024 | D:8      | Reached skill level 14 in Bows
  9854 | D:9      | Reached * piety under Cheibriados
 10551 | D:9      | Reached ** piety under Cheibriados
 10756 | D:9      | Lost mutation: You are dopey. (Int -2) [potion of cure mutation]
 10756 | D:9      | Lost mutation: You can breathe flames. [potion of cure mutation]
 10756 | D:9      | Lost mutation: You are partially covered in rough black scales (AC +4, Dex -1). [potion of cure mutation]
 10756 | D:9      | Lost mutation: Your spells are a little easier to cast, but a little less powerful. [potion of cure mutation]
 10758 | D:9      | Gained mutation: Your spells are a little harder to cast, but a little more powerful. [potion of beneficial mutation]
 10797 | D:9      | Found a roughly hewn altar of Beogh.
 10797 | D:9      | Found a staircase to the Orcish Mines.
 10947 | D:9      | Reached skill level 1 in Armour
 10999 | D:10     | Entered Level 10 of the Dungeon
 10999 | D:10     | Noticed Josephine
 11017 | D:10     | Noticed an oklob plant
 11427 | D:10     | Found a staircase to the Lair.
 11512 | D:10     | Reached *** piety under Cheibriados
 11758 | D:9      | Reached XP level 11. HP: 47/92 MP: 11/11
 11968 | D:10     | Got a scorched scale mail
 11979 | D:10     | Identified the +2 scale mail of Heresy {Str+5} (You found it on level 10 of the Dungeon)
 11989 | D:10     | Killed Josephine
 13080 | D:10     | Reached skill level 5 in Invocations
 13337 | D:9      | Gained mutation: You occasionally shout uncontrollably at your foes. [mutagenic meat]
 13338 | D:9      | Gained mutation: You regenerate slowly when monsters are visible. [mutagenic meat]
 13339 | D:9      | Lost mutation: You occasionally shout uncontrollably at your foes. [potion of cure mutation]
 13339 | D:9      | Lost mutation: You regenerate slowly when monsters are visible. [potion of cure mutation]
 13339 | D:9      | Lost mutation: Your spells are a little harder to cast, but a little more powerful. [potion of cure mutation]
 13580 | D:10     | Killed an unseen horror
 13887 | D:10     | Noticed a cyclops
 13895 | D:10     | Killed a cyclops
 13903 | D:10     | Got a faintly humming robe
 13914 | D:10     | Identified the cursed +1 robe of the Hills {rCorr Dex+4} (You found it on level 10 of the Dungeon)
 14267 | D:10     | Noticed a hill giant
 14283 | D:10     | Killed a hill giant
 14590 | Lair:1   | Entered Level 1 of the Lair of Beasts
 14878 | Lair:1   | Reached **** piety under Cheibriados
 14924 | Lair:1   | Found a frozen archway.
 14951 | IceCv    | Entered an ice cave
 17793 | IceCv    | Upgraded the game from 0.17.0-15-g6d90897 to 0.17.0-18-gaab0e96
 18205 | IceCv    | Killed from afar by an ice statue

Action                   |  1- 3 |  4- 6 |  7- 9 | 10-12 || total
-------------------------+-------+-------+-------+-------++-------
Melee: Whip              |    15 |       |    66 |   267 ||   348
       Dagger            |     6 |    11 |    51 |    15 ||    83
 Fire: Hand crossbow     |    85 |   106 |   156 |    31 ||   378
       Shortbow          |       |       |   134 |   743 ||   877
       Blowgun           |       |       |       |    19 ||    19
Invok: Temporal Distorti |       |       |       |     6 ||     6
       Slouch            |       |       |       |     1 ||     1
Evoke: Wand              |       |       |       |     4 ||     4
  Use: Scroll            |     2 |     4 |     4 |    17 ||    27
       Potion            |       |     1 |     1 |    12 ||    14
 Stab: Invisible         |       |       |       |     1 ||     1
  Eat: Meat ration       |       |     1 |       |     1 ||     2
       Chunk             |       |       |     5 |     7 ||    12
       Beef jerky        |       |       |     1 |     1 ||     2
       Bread ration      |       |       |     2 |     3 ||     5
       Royal jelly       |       |       |       |     2 ||     2
